 Dungeon Sprint DCSS version 0.32-a0-485-g70f7560b1c (webtiles) character file.

Game seed: 15226593741067436944

617 rocky1 the Chopper (level 7, -4/59 HPs)
             Began as a Coglin Gladiator on Feb 26, 2024.
             Was a Priest of Qazlal.
             Slain by a merfolk
             ... wielding a +0 trident
              (8 damage)
             ... in the Dungeon (Sprint V: "Ziggurat Sprint").
             The game lasted 00:04:01 (565 turns).

rocky1 the Chopper (Coglin Gladiator)                Turns: 565, Time: 00:04:01

Health: -4/59      AC:  8    Str: 16    XL:     7   Next: 45%
Magic:  6/12       EV: 12    Int:  8    God:    Qazlal [***...]
Gold:   0          SH:  4    Dex: 15    Spells: 6/6 levels left

rFire   . . .        x - +5 broad axe {Haeun}
rCold   . . .        y - +5 demon whip {Wolf}
rNeg    + + .        E - +0 scale mail of Umankec {Fly rPois rN++}
rPois   +            c - +0 helmet
rElec   .            C - scarf {+Inv}
rCorr   .            (no gloves)
SInv    .            (no boots)
Will    .....        (no amulet) Stlth
                     (ring unavailable)
HPRegen 0.29/turn    (ring unavailable)
MPRegen 0.13/turn

%: no teleportation
@: flying, invisible
A: off-hand wielding, slow wielding, warmup strikes, no rings
a: Renounce Religion, Evoke Invisibility, Upheaval, Elemental Force


You were in the Dungeon.
You worshipped Qazlal.
Qazlal was most pleased with you.
You visited 1 branch

Inventory:

Hand Weapons
 x - a +5 broad axe (weapon) {Haeun}
 y - a +5 demon whip (offhand) {Wolf}
Missiles
 d - 3 throwing nets (quivered)
 e - a javelin
Armour
 a - a +0 plate armour of fire resistance
 c - a +0 helmet (worn)
 z - a +5 crystal plate armour
 A - +5 gold dragon scales
 C - a scarf of invisibility (worn)
 E - the +0 scale mail of Umankec (worn) {Fly rPois rN++}
   (You found it in the Dungeon)

   rPois:     It protects you from poison rN++: It greatly protects you from
   negative energy.
   Fly:       It grants you flight.
Wands
 u - a wand of mindburst (7)
 v - a wand of iceblast (7)
 w - a wand of light (7)
Scrolls
 k - 4 scrolls of blinking
 q - 4 scrolls of amnesia
 r - 7 scrolls of fog
 s - 5 scrolls of identify
 t - 2 scrolls of fear
Potions
 f - 10 potions of curing
 g - 9 potions of heal wounds
 h - 6 potions of haste
 i - 7 potions of magic
 j - 3 potions of berserk rage
 l - 2 potions of brilliance
 m - a potion of invisibility
 n - 4 potions of resistance
 p - 5 potions of might
Miscellaneous
 D - a phantom mirror


   Skills:
 + Level 6.7 Fighting
 + Level 7.1(7.9) Axes
 + Level 4.6(6.2) Maces & Flails
 - Level 3.5 Throwing
 + Level 4.5 Armour
 + Level 6.3 Dodging
 * Level 6.8 Invocations


You had 6 spell levels left.
You didn't know any spells.
Your spell library contained the following spells:

 Spells                   Type           Power      Damage    Failure   Level
 Hailstorm                Conj/Ice       0%         3d5       99%         3
 Summon Ice Beast         Ice/Summ       0%         N/A       99%         3
 Brom's Barrelling Bould  Conj/Erth      0%         2d3       100%        4
 Leda's Liquefaction      Alch/Erth      0%         N/A       100%        4
 Petrify                  Alch/Erth      0%         N/A       100%        4
 Bombard                  Conj/Erth      0%         9d1       100%        6
 Sculpt Simulacrum        Ice/Alch       0%         N/A       100%        6


Dungeon Overview and Level Annotations

Branches:
Dungeon (1/1)

Altars:
Ashenzari
Cheibriados
Dithmenos
Elyvilon
Fedhas
Gozag
Hepliaklqana
Kikubaaqudgha
Makhleb
Nemelex Xobeh
Okawaru
Qazlal
Ru
Sif Muna
Trog
Uskayaw
Vehumet
Wu Jian
Xom
Yredelemnul
Zin
The Shining One
Beogh
Jiyva
Lugonu

Annotations:
D 1 transporter


Innate Abilities, Weirdness & Mutations

You can wield a second weapon in your off-hand.
It takes a long time for you to wield or remove held weapons.
Your first few attacks do less damage.
Your grasper-arms cannot wear rings.


Message History

Welcome to arena 5.
You enter the transporter and appear at another place. 5 merfolk come into view.
A merfolk is wielding a +1 trident of venom.
The merfolk shouts! x4
Found five items.
Found a transporter.
Unknown command.
Aiming: Upheaval
Press: ? - help, Dir - move target, f - merfolk
Aim: a merfolk, wielding a +1 trident of venom The ground shakes violently, spewing rubble!
The blast of rubble hits the merfolk!
The merfolk is lightly wounded.
The blast of rubble hits the merfolk!
The merfolk is moderately wounded.
The blast of rubble hits the merfolk!!
The merfolk is moderately wounded.
The merfolk throws a boomerang.
You block the boomerang.
The merfolk throws a boomerang.
The boomerang misses you.
Aiming: Upheaval
Press: ? - help, Dir - move target, f - merfolk, p - merfolk
Aim: a merfolk, wielding a +0 trident and quivering boomerangs (moderately wounded) Magma suddenly erupts from the ground!
The blast of magma engulfs the merfolk!
The merfolk is heavily wounded.
The merfolk hits you from afar with a +1 trident of venom!!
Unknown command.
You fade into invisibility!
The merfolk hits you from afar with a +0 trident!
You block the merfolk's attack.
The merfolk hits you from afar with a +0 trident!
* * * LOW HITPOINT WARNING * * *
The merfolk hits you from afar with a +0 trident!
* * * LOW HITPOINT WARNING * * *
You feel much better.
The merfolk throws a boomerang.
The boomerang misses you.
The merfolk hits you from afar with a +1 trident of venom!!
* * * LOW HITPOINT WARNING * * *
The merfolk completely misses you.
The merfolk hits you from afar with a +0 trident!
You die...

▓..©..▓..©..▓▓▓▓▓▓▓
▓▓▓▓▓▓▓▓▓▓▓▓▓▓▓▓▓▓▓
▓..ß©ß...▓..ß©ß...▓
▓..|[)...▓..=[:...▓
▓........▓..)≈"...▓
▓........▓...m....▓
▓........▓..mmmm..▓
▓.▓....▓.▓.▓..§.▓.▓
▓...©....▓...@....▓
▓▓▓▓▓▓▓▓▓▓▓▓▓▓▓▓▓▓▓


You could see 5 merfolk.

Vanquished Creatures
  A glass eye (D)
  3 phantoms (D)
  2 weeping skulls (D)
  A jelly (D)
  2 mummies (D)
  A bat zombie (D)
  2 endoplasms (D)
  A giant cockroach zombie (D)
13 creatures vanquished.

Notes
Turn   | Place    | Note
-------+----------+-------------------------------------------
     0 | D        | rocky1 the Coglin Gladiator began the quest for the Orb.
     0 | D        | Reached XP level 1. HP: 16/16 MP: 1/1
     0 | D        | Found a shimmering blue altar of Sif Muna.
     0 | D        | Found a bloodstained altar of Trog.
     0 | D        | Found a sacrificial altar of Ru.
     0 | D        | Found a stormy altar of Qazlal.
     0 | D        | Found an iron altar of Okawaru.
     1 | D        | Found a sparkling altar of Nemelex Xobeh.
     1 | D        | Found a blossoming altar of Fedhas.
     1 | D        | Found the +6 Majin-Bo {spellvamp, MP+6 Int+6}
     1 | D        | Found the +27 heavy crossbow "Sniper" {heavy, Acc+∞ SInv}
     1 | D        | Found the +10 dark maul {heavy}
     1 | D        | Found the +15 Maxwell's patent armour {-Cast -Tele rElec
                  | Will+ rCorr}
     1 | D        | Found the +18 shield of the Gong {Loud rN+ Will+ rCorr
                  | EV-5}
     1 | D        | Found the +16 obsidian axe {drain, demonic, Mesm ^Drain Fly
                  | SInv}
     1 | D        | Found the +7 great mace "Firestarter" {flame, immolate,
                  | rFlCloud rF++}
     1 | D        | Found the +6 shillelagh "Devastator" {shatter}
     1 | D        | Found the +11 plutonium sword {^Contam Stlth-}
     1 | D        | Found the +8 lance "Wyrmbane" {slay drac, rPois rF+ rC+
                  | AC+3}
     1 | D        | Found the +9 sword of Zonguldrok {reap}
     1 | D        | Found the +13 scythe of Curses {drain, curses, ^Drain}
     1 | D        | Found the +9 sword of Power {lifebolt}
     1 | D        | Found the +7 mace of Variability {chaos, chaos arc}
     1 | D        | Found the +11 Singing Sword {sonic wave}
     1 | D        | Found the +8 storm bow {elec, penet}
     3 | D        | Found a transporter.
     3 | D        | Found an ancient bone altar of Kikubaaqudgha.
     3 | D        | Found a viscous altar of Jiyva.
     3 | D        | Found a corrupted altar of Lugonu.
     3 | D        | Found a hazy altar of Hepliaklqana.
     3 | D        | Found a burning altar of Makhleb.
     3 | D        | Found an opulent altar of Gozag.
    27 | D        | Became a worshipper of Qazlal Stormbringer
   111 | D        | Reached skill level 4 in Axes
   111 | D        | Reached XP level 2. HP: 25/25 MP: 1/3
   143 | D        | Entered arena 2.
   143 | D        | Found a transporter.
   149 | D        | Reached XP level 3. HP: 29/30 MP: 3/5
   396 | D        | Entered arena 3.
   396 | D        | Noticed a weeping skull
   396 | D        | Noticed a phantom
   396 | D        | Found a transporter.
   401 | D        | Reached * piety under Qazlal
   406 | D        | Killed a phantom
   407 | D        | Reached skill level 5 in Axes
   407 | D        | Reached XP level 4. HP: 26/38 MP: 5/7
   407 | D        | Killed a weeping skull
   408 | D        | Reached skill level 5 in Fighting
   408 | D        | Reached skill level 5 in Dodging
   408 | D        | Reached XP level 5. HP: 30/44 MP: 5/8
   415 | D        | Got the +0 scale mail of Umankec {Fly rPois rN++}
   474 | D        | Entered arena 4.
   474 | D        | Noticed a phantom
   474 | D        | Noticed a weeping skull
   474 | D        | Noticed a phantom
   474 | D        | Found a transporter.
   476 | D        | Reached ** piety under Qazlal
   479 | D        | Killed a phantom
   479 | D        | Killed a phantom
   480 | D        | Reached skill level 6 in Axes
   480 | D        | Reached skill level 5 in Invocations
   480 | D        | Reached XP level 6. HP: 41/52 MP: 8/10
   489 | D        | Got the Almanac of Minerals
   505 | D        | Entered arena 5.
   505 | D        | Noticed a glass eye
   505 | D        | Found a transporter.
   509 | D        | Reached *** piety under Qazlal
   514 | D        | Killed a glass eye
   515 | D        | Reached skill level 7 in Axes
   515 | D        | Reached XP level 7. HP: 45/59 MP: 10/12
   561 | D        | Entered arena 6.
   561 | D        | Noticed a merfolk
   561 | D        | Noticed a merfolk
   561 | D        | Noticed a merfolk
   561 | D        | Noticed a merfolk
   561 | D        | Noticed a merfolk
   561 | D        | Found a transporter.
   565 | D        | Slain by a merfolk

Illustrated notes

Levels and vault maps discovered:
D:        sprint_v [room_start, room_1, room_2, room_3, room_4, room_5, room_6,
          room_7, room_8, room_9, room_10, room_11, room_12, room_13, room_14,
          room_15, room_16, room_17, room_18, room_19, room_20, room_21,
          room_22, room_23, room_24, room_25, room_26, room_27]

Skill      XL: |  1  2  3  4  5  6 |
---------------+-------------------+-----
Fighting       | 3 4 5 6 |  6.7
Axes           | 4 5 6 7 |  7.1
Armour         | 2 3 4 |  4.5
Dodging        | 4 5 6 |  6.3
Invocations    | 2 4 5 6 |  6.8
Throwing       | 2 3 |  3.5
Maces & Flails | 2 3 4 |  4.6

Action                     |  1- 3 |  4- 6 |  7- 9 || total
---------------------------+-------+-------+-------++-------
  Melee: Demon whip        |    10 |    11 |       ||    21
         Broad axe         |    10 |    14 |       ||    24
 Invoke: Upheaval          |       |       |     2 ||     2
    Use: Potion            |     1 |       |     2 ||     3
 Armour: Plate armour      |    10 |       |       ||    10
         Scale mail        |       |     7 |     6 ||    13
  Dodge: Dodged            |     4 |     4 |     3 ||    11
  Block: Other             |       |     1 |     2 ||     3

Table legend: (Time is in decaauts)
 A = Elapsed time spent in this place.
 B = Non-inter-level travel time spent in this place.
 C = Inter-level travel time spent in this place.
 D = Time resting spent in this place.
 E = Time spent auto-exploring this place.
 F = Levels seen in this place.
 G = Mean time per level.
                   A        B        C        D        E       F      G
               +--------+--------+--------+--------+--------+-----+--------+
         Total |    567 |    567 |      0 |    323 |      0 |   1 |  567.0 |
       Dungeon |    567 |    567 |      0 |    323 |      0 |   1 |  567.0 |
               +--------+--------+--------+--------+--------+-----+--------+

Top non-repeatable levels by time:
       D: 567 daAuts
